 Dungeon Crawl Stone Soup version 0.27-a0-279-gdfb9265905 (webtiles) character file.

Game seed: 7657612447133238825

30 wakim the Skirmisher (level 3, -1/23 HPs)
             Began as a Gargoyle Fighter on Feb 7, 2021.
             Slain by a gnoll
             ... wielding a cursed -3 halberd
              (8 damage)
             ... on level 2 of the Dungeon.
             The game lasted 00:02:28 (889 turns).

wakim the Skirmisher (Gargoyle Fighter)              Turns: 889, Time: 00:02:29

Health: -1/23      AC: 10    Str: 20    XL:     3   Next: 18%
Magic:  3/3        EV:  7    Int:  8    God:
Gold:   54         SH:  9    Dex:  9    Spells: 2/2 levels left

rFire    . . .     SeeInvis .   a - +0 flail
rCold    . . .     Faith    .   c - +0 kite shield
rNeg     + . .     Spirit   .   b - +0 scale mail
rPois    ∞         Reflect  .   (no helmet)
rElec    +         Harm     .   (no cloak)
rCorr    .         Rampage  .   (no gloves)
Will     .....                  (no boots)
Stlth    ..........             (no amulet)
HPRegen  0.07/turn              (no ring)
MPRegen  0.08/turn              (no ring)

@: no status effects
A: negative energy resistance 1, electricity resistance, unbreathing,
petrification resistance, miasma immunity, AC +3
a: no special abilities


You were on level 2 of the Dungeon.
You visited 1 branch of the dungeon, and saw 2 of its levels.

You collected 54 gold pieces.

Inventory:

Hand Weapons
 a - a +0 flail (weapon)
Missiles
 j - 7 stones (quivered)
Armour
 b - a +0 scale mail (worn)
 c - a +0 kite shield (worn)
Scrolls
 e - 2 scrolls of teleportation {unknown}
 f - a scroll of immolation {unknown}
 g - a scroll of amnesia {unknown}
Potions
 d - a potion of might
 h - a potion of lignification {unknown}
 i - a potion of attraction {unknown}


   Skills:
 + Level 3.6 Fighting
 * Level 2.7 Maces & Flails
 + Level 3.5 Armour
 + Level 3.5 Shields


You had 2 spell levels left.
You didn't know any spells.
Your spell library contained the following spells:

 Spells                   Type           Power        Failure   Level
 Corona                   Hex            0%           99%         1
 Ensorcelled Hibernation  Hex/Ice        0%           100%        2
 Confusing Touch          Hex            0%           100%        3
 Dazzling Flash           Conj/Hex       0%           100%        3
 Tukima's Dance           Hex            0%           100%        3


Dungeon Overview and Level Annotations

Branches:
Dungeon (2/15)

Altars:
Kikubaaqudgha


Innate Abilities, Weirdness & Mutations

You are resistant to torment.
Your stone body is resilient. (AC +3)
You are immune to poison.
You resist negative energy. (rN+)
You are resistant to electric shocks. (rElec)
You can survive without breathing.
You are immune to petrification.
You are immune to miasma.


Message History

You are too injured to fight recklessly!
You are too injured to fight recklessly!
You are too injured to fight recklessly!
You are too injured to fight recklessly!
You are too injured to fight recklessly!
You are too injured to fight recklessly!
You are too injured to fight recklessly!
You are too injured to fight recklessly!
You are too injured to fight recklessly!
You hit the gnoll.
The gnoll is moderately wounded.
The gnoll hits you from afar with a +0 spear.
* * * LOW HITPOINT WARNING * * *
The gnoll hits you with a cursed -3 halberd.
* * * LOW HITPOINT WARNING * * *
You closely miss the gnoll.
The gnoll is moderately wounded.
The gnoll hits you but does no damage.
The gnoll hits you with a cursed -3 halberd!
You die...

#≈≈≈≈≈≈≈≈# ###.........
###############.......†.
#.#....# #...##......[..
...#.###.#....(......#
#.#.....#..#.###.####
#...#####..#.......
###.....#..#.##..#.#
#.......#.......##.#
#.##@##.##..>< #. #g#
######. # .g# . ###. .
.. .# .#


You could see 2 gnolls.

Vanquished Creatures
  A worm (D:2)
  2 dart slugs (D:1)
  3 bats (D:1)
  A bat zombie (D:2)
  A hobgoblin (D:1)
  5 kobolds (D:1)
  3 frilled lizards (D:1)
  2 goblins (D:1)
  5 rats (D:1)
  A rat zombie (D:2)
24 creatures vanquished.

Notes
Turn   | Place    | Note
-------+----------+-------------------------------------------
     0 | D:1      | wakim the Gargoyle Fighter began the quest for the Orb.
     0 | D:1      | Reached XP level 1. HP: 14/14 MP: 1/1
    68 | D:1      | Reached XP level 2. HP: 16/19 MP: 2/2
   608 | D:1      | Reached XP level 3. HP: 22/23 MP: 3/3
   855 | D:2      | Found an ancient bone altar of Kikubaaqudgha.
   889 | D:2      | Slain by a gnoll

Illustrated notes

Levels and vault maps discovered:
D:1:      elethiomel_arrival_quiet, layout_loops_cross
D:2:      layout_basic, lemuel_zombie_altar_kikubaaqudgha,
          lemuel_blue_sif_altar, grunt_dithmenos_smoke

Action                   || total
-------------------------++-------
Melee: Flail             ||    86
Throw: Stone             ||     1
Armor: Scale mail        ||    52
Dodge: Dodged            ||    25
Block: Kite shield       ||    43

Table legend: (Time is in decaauts)
 A = Elapsed time spent in this place.
 B = Non-inter-level travel time spent in this place.
 C = Inter-level travel time spent in this place.
 D = Time resting spent in this place.
 E = Time spent auto-exploring this place.
 F = Levels seen in this place.
 G = Mean time per level.
                   A        B        C        D        E       F      G
               +--------+--------+--------+--------+--------+-----+--------+
         Total |    933 |    865 |     68 |      0 |    642 |   2 |  466.5 |
       Dungeon |    933 |    865 |     68 |      0 |    642 |   2 |  466.5 |
               +--------+--------+--------+--------+--------+-----+--------+

Top non-repeatable levels by time:
     D:1: 854 daAuts
     D:2: 78 daAuts
